 Dungeon Crawl Stone Soup version 0.25-a0-292-gaa31f046c4 (webtiles) character file.

Game seed: 6861701663614286084, levelgen mode: deterministic

121 MoonlitKnight the Poker (level 5, -2/41 HPs)
             Began as a Merfolk Skald on Dec 15, 2019.
             Killed by nerve-wracking pain
             ... invoked by an orc priest
              (6 damage)
             ... on level 3 of the Dungeon.
             The game lasted 00:05:28 (2078 turns).

MoonlitKnight the Poker (Merfolk Skald)             Turns: 2078, Time: 00:05:29

Health: -2/41      AC:  5    Str: 13    XL:     5   Next: 5%
Magic:  1/8        EV: 12    Int: 12    God:
Gold:   73         SH:  0    Dex: 13    Spells: 2/8 levels left

rFire    + . .     SeeInvis .   a - +0 spear
rCold    + . .     Gourm    .   (no shield)
rNeg     . . .     Faith    .   k - +0 ring mail
rPois    .         Spirit   .   (no helmet)
rElec    .         Reflect  .   c - scarf {rC+ rF+}
rCorr    .         Harm     .   (no gloves)
MR       .....                  (no boots)
Stlth    +.........             (no amulet)
HPRegen  0.13/turn              (no ring)
MPRegen  0.11/turn              (no ring)

@: very slightly contaminated, lightly drained
A: change form in water, swift swim, stealthy swim
a: no special abilities


You were on level 3 of the Dungeon.
You were not hungry.

You visited 1 branch of the dungeon, and saw 3 of its levels.

You collected 73 gold pieces.

Inventory:

Hand Weapons
 a - a +0 spear (weapon)
 j - a +0 hunting sling
Missiles
 i - 5 poisoned darts (quivered)
Armour
 c - a scarf of resistance (worn)
 k - a +0 ring mail (worn)
Jewellery
 r - an uncursed ring of magical power {unknown}
Scrolls
 b - a scroll of teleportation {unknown}
 g - a scroll of enchant armour {unknown}
 m - a scroll of noise {unknown}
 p - a scroll of fog {unknown}
Potions
 f - a potion of curing {unknown}
 h - 2 potions of haste {unknown}
 l - 2 potions of lignification {unknown}
 n - a potion of agility {unknown}
 o - a potion of heal wounds {unknown}
Comestibles
 d - 6 rations


   Skills:
 + Level 3.3(2.9) Fighting
 * Level 5.6(5.2) Polearms
 - Level 0.6(0.3) Armour
 + Level 4.0(3.7) Dodging
 - Level 2.0(1.6) Spellcasting
 - Level 3.2(2.9) Charms


You had 2 spell levels left.
You knew the following spells:

 Your Spells              Type           Power        Failure   Level  Hunger
a - Infusion              Chrm           #...         19%         1    ##.....
b - Shroud of Golubria    Chrm/Tloc      #.....       45%         2    ###....
c - Spectral Weapon       Hex/Chrm       #.......     69%         3    ####...

Your spell library contained the following spells:

 Spells                   Type           Power        Failure   Level  Hunger
 Song of Slaying          Chrm           #.......     26%         2    ###....
 Regeneration             Chrm/Necr      #.........   69%         3    ####...


Dungeon Overview and Level Annotations

Branches:
Dungeon (3/15)

Altars:
Gozag
Makhleb
Vehumet
Xom

Annotations:
D:3 2 transporters, scimitardk's ghost, amateur GrFi


Message History

The orc priest is heavily wounded.
The orc hits you from afar with a +0 trident.
You hit the orc priest but do no damage.
The orc priest is heavily wounded.
The orc priest invokes the aid of Beogh against you.
You barely resist.
The orc hits you from afar with a +0 trident.
You hit the orc priest.
The orc priest is heavily wounded.
The orc priest invokes the aid of Beogh against you.
Beogh smites you!
* * * LOW HITPOINT WARNING * * *
The orc hits you from afar with a +0 trident.
* * * LOW HITPOINT WARNING * * *
You hear an angry hiss.
Okay, then.
Okay, then.
The orc priest mumbles some strange prayers to Beogh against you.
Pain shoots through your body!
You die...

### #.. §≈###.. o(
.≈⌠#... o# .≈###.# ..
.≈⌠##.# .# ≈≈###.# ###
..# ###≈#.###.## #.#
≈≈≈≈.....#.#########..#
..#.............@.ooo#
......©.©.....#.######
.##############.#
.#....$!..WOO##.#
.#.#..#.#..#.##.#
.#..##...##..##.#
.#..##...##..##.#
.#.#..#.#.?#.##.#
##.....©. .#.#.


You could see an orc priest and 2 orcs.

Vanquished Creatures
  An orc priest (D:2)
  4 adders
  An ooze (D:1)
  2 worms (D:2)
  4 orcs
  A ball python (D:3)
  5 giant cockroaches
  5 goblins
  7 hobgoblins
  4 bats (D:1)
  2 frilled lizards (D:1)
  5 kobolds
  4 rats
45 creatures vanquished.

Vanquished Creatures (others)
  A goblin (D:1)
1 creature vanquished.

Grand Total: 46 creatures vanquished

Notes
Turn   | Place    | Note
-------+----------+-------------------------------------------
     0 | D:1      | MoonlitKnight the Merfolk Skald began the quest for the
                  | Orb.
     0 | D:1      | Reached XP level 1. HP: 16/16 MP: 3/3
    90 | D:1      | Reached XP level 2. HP: 23/23 MP: 5/5
   502 | D:1      | Reached skill level 4 in Polearms
   625 | D:1      | Reached XP level 3. HP: 28/28 MP: 2/6
  1142 | D:2      | Found a radiant altar of Vehumet.
  1179 | D:2      | Reached skill level 5 in Polearms
  1179 | D:2      | Reached XP level 4. HP: 22/35 MP: 1/7
  1199 | D:2      | Learned a level 2 spell: Shroud of Golubria
  1203 | D:2      | Learned a level 3 spell: Spectral Weapon
  1559 | D:2      | Found a shimmering altar of Xom.
  1784 | D:2      | Found an opulent altar of Gozag.
  1951 | D:3      | Reached XP level 5. HP: 34/41 MP: 8/8
  2019 | D:3      | Found a transporter.
  2020 | D:3      | Noticed scimitardk's ghost (amateur GrFi)
  2020 | D:3      | Noticed an ogre
  2024 | D:3      | Found a burning altar of Makhleb.
  2029 | D:3      | Noticed an ogre
  2037 | D:3      | Found a transporter.
  2078 | D:3      | Killed from afar by an orc priest

Levels and vault maps discovered:
D:1:      dpeg_arrival_prison, layout_rooms, minmay_splitting_lines,
          lemuel_another_geyser
D:2:      layout_rooms, old_standard_altar, lemuel_doored_altar,
          lemuel_tele_altar
D:3:      layout_loops_corners, lightli_temple_of_fire, gammafunk_ghost_smash,
          small_statue_intersection, st_stairs_10, uniq_sigmund

Skill      XL: |  1  2  3  4 |
---------------+-------------+-----
Dodging        | 3 4 |  4.0
Polearms       | 4 5 |  5.6
Fighting       | 3 |  3.3
Armour         | |  0.6
Spellcasting   | |  2.0
Charms         | |  3.2

Action                   |  1- 3 |  4- 6 || total
-------------------------+-------+-------++-------
Melee: Spear             |    93 |    75 ||   168
Throw: Javelin           |    14 |     8 ||    22
       Dart              |     6 |     1 ||     7
 Cast: Infusion          |     6 |     1 ||     7
       Shroud of Golubri |       |     1 ||     1
 Stab: Sleeping          |     1 |       ||     1
  Eat: Chunk             |     1 |     3 ||     4
Armor: Leather armour    |    12 |       ||    12
       Ring mail         |    12 |    23 ||    35
Dodge: Dodged            |    49 |    29 ||    78

Table legend:
 A = Non-vault XP
 B = Vault XP
 C = Vault XP percentage of total XP
 D = Non-vault monster count
 E = Vault monster count
 F = Vault count percentage of total count
                 A         B        C        D         E       F
            +---------+---------+-------+---------+---------+-------
      Total |     170 |       4 |   2.3 |      43 |       2 |   4.4
            +---------+---------+-------+---------+---------+-------
        D:1 |      37 |       4 |   9.8 |      21 |       2 |   8.7
        D:2 |     113 |       0 |   0.0 |      18 |       0 |   0.0
        D:3 |      20 |       0 |   0.0 |       4 |       0 |   0.0
            +---------+---------+-------+---------+---------+-------
